 Dungeon Crawl Stone Soup version 0.17.0-23-g0de4337 (webtiles) character file.

723 McCoppin the Covert (level 7, -4/49 HPs)
             Began as a Vampire Assassin on Nov 13, 2015.
             Slain by a mummy (14 damage)
             ... in an ossuary.
             The game lasted 00:18:23 (2486 turns).

McCoppin the Covert (Vampire Assassin)              Turns: 2486, Time: 00:18:23

Health: -4/49      AC:  8    Str: 10    XL:     7   Next: 43%
Magic:  7/7        EV: 15    Int: 13    God:
Gold:   339        SH:  0    Dex: 18    Spells: 0 memorised, 6 levels left

rFire  + . .     SeeInvis +     y - +2 dagger (speed)
rCold  + + .     Clarity  .     i - +3 leather armour
rNeg   + + +     SustAt   +     (no shield)
rPois  ∞         Gourm    .     (no helmet)
rElec  .         Spirit   .     d - +1 cloak
rCorr  .         Warding  .     (no gloves)
rMut   .         Stasis   .     (no boots)
MR     .....                    (no amulet)
Stlth  ++++++....               j - ring of protection from fire
                                h - ring of sustain attributes

@: bloodless, non-regenerating, not resistant to hostile enchantments, very
stealthy
A: fangs 3, see invisible, unbreathing
a: Bat Form


You were in an ossuary.
You were bloodless.

You visited 2 branches of the dungeon, and saw 7 of its levels.
You also visited: Ossuary.

You collected 339 gold pieces.

Inventory:

Hand Weapons
 a - a +2 dagger
 b - a +0 blowgun
 e - a -2 dagger
 x - a +1 antimagic dagger
 y - a +2 dagger of speed (weapon)
Missiles
 f - 2 curare-tipped needles
 t - 3 needles of slowing
Armour
 c - a +0 robe
 d - a +1 cloak (worn)
 i - a +3 leather armour (worn)
Jewellery
 h - a ring of sustain attributes (left hand)
 j - a ring of protection from fire (right hand)
 l - an uncursed ring of protection from fire
Wands
 r - a wand of confusion (33)
Scrolls
 k - 2 scrolls of immolation
 s - a scroll of blinking
 v - a scroll of fear
 w - a scroll of magic mapping {unknown}
Potions
 g - 12 potions of blood
 o - a potion of heal wounds
 p - a potion of poison {unknown}
 u - a potion of degeneration {unknown}


   Skills:
 - Level 1.7 Fighting
 - Level 2.1 Short Blades
 - Level 1.5 Throwing
 * Level 4.9 Dodging
 + Level 11.9 Stealth


You had 6 spell levels left.
You didn't know any spells.

Dungeon Overview and Level Annotations

Branches:
Dungeon (6/15)             Temple (1/1) D:5

Altars:
Cheibriados
Elyvilon
Fedhas
Gozag
Kikubaaqudgha
Okawaru
Qazlal
Ru
Xom
Zin
Lugonu

Shops:
D:6 *

Annotations:
D:4 M4edhros's ghost, novice OpAr
D:6 kosy22's ghost, novice TrBe


Innate Abilities, Weirdness & Mutations

You do not heal naturally.
You are immune to poison.
You have razor-sharp teeth.
You have supernaturally acute eyesight.
You can survive without breathing.


Message History

The mummy is heavily damaged.
The mummy hits you but does no damage.
You barely miss the mummy.
The mummy is moderately damaged.
Drink which item? (? for menu, Esc to quit)
You feel much better. The mummy hits you but does no damage.
You closely miss the mummy.
The mummy is moderately damaged.
You hit the mummy.
The mummy is heavily damaged.
The mummy hits you!
* * * LOW HITPOINT WARNING * * *
You hit the mummy. You bite the mummy.
The mummy is severely damaged.
You hit the mummy.
The mummy is severely damaged.
You hit the mummy.
The mummy is severely damaged.
The mummy hits you!
You die...

#....#....# #..#
....#....# #..# ...#....#
. #..# .......# .. #..+
####......#...
#..###.............
#..#.#....'........
#..#.#........??!..
#..'.'.M@....!!$!!.
#..########..?$∩M?.
#..#.#.......!!$!!.
#..#.#........!!?..
#..'.'.............
#..###.............
#..#.####......#...######
#..#.#.........#....#....
#..'.#....#....#....#....


You could see a mummy.

Vanquished Creatures
  An ogre (D:6)
  A giant frog (D:4)
  A scorpion (D:4)
  A giant frog zombie (D:6)
  2 centaur zombies (Ossuary)
  2 jellies (D:6)
  4 orc wizards (D:6)
  Natasha (twice) (D:4)
  An ogre zombie (Ossuary)
  A big kobold zombie (Ossuary)
  5 mummies (Ossuary)
  5 adders
  A shadow imp (D:5)
  2 adder zombies (Ossuary)
  An ooze (D:2)
  3 adder skeletons (D:5)
  2 worms
  3 giant geckos
  10 orcs (D:6)
  3 bats
  5 goblins
  A hobgoblin (D:3)
  3 kobolds
  A quokka (D:6)
  A giant newt (D:6)
  A goblin zombie (Ossuary)
  A jackal skeleton (D:4)
  2 kobold zombies (Ossuary)
  2 quokka zombies (Ossuary)
  3 rats (D:1)
  4 rat zombies
75 creatures vanquished.

Notes
Turn   | Place    | Note
--------------------------------------------------------------
     0 | D:1      | McCoppin the Vampire Assassin began the quest for the Orb.
     0 | D:1      | Reached XP level 1. HP: 16/16 MP: 1/1
    47 | D:1      | Found a snail-covered altar of Cheibriados.
    52 | D:1      | Reached skill level 6 in Stealth
   248 | D:1      | Reached XP level 2. HP: 22/22 MP: 2/2
   713 | D:2      | Reached skill level 7 in Stealth
   803 | D:2      | Reached XP level 3. HP: 27/27 MP: 3/3
  1104 | D:4      | Noticed M4edhros's ghost (novice OpAr)
  1115 | D:4      | Noticed a giant frog
  1121 | D:4      | Killed a giant frog
  1121 | D:4      | Reached skill level 9 in Stealth
  1121 | D:4      | Reached XP level 4. HP: 33/33 MP: 4/4
  1215 | D:5      | Entered Level 5 of the Dungeon
  1310 | D:4      | Found a blossoming altar of Fedhas.
  1310 | D:4      | Noticed Natasha
  1311 | D:4      | Killed Natasha
  1358 | D:4      | Reached XP level 5. HP: 33/38 MP: 5/5
  1362 | D:4      | Noticed Natasha
  1371 | D:4      | Killed Natasha
  1386 | D:4      | Noticed a scorpion
  1390 | D:4      | Killed a scorpion
  1390 | D:4      | Reached skill level 10 in Stealth
  1460 | D:5      | Found a staircase to the Ecumenical Temple.
  1469 | Temple   | Entered the Ecumenical Temple
  1523 | D:5      | Found a stormy altar of Qazlal.
  1653 | D:6      | Noticed kosy22's ghost (novice TrBe)
  1663 | D:6      | Reached skill level 11 in Stealth
  1663 | D:6      | Reached XP level 6. HP: 44/44 MP: 6/6
  1664 | D:6      | Found Ukluusch's General Store.
  1741 | D:6      | Noticed an ogre
  1761 | D:6      | Killed an ogre
  2124 | D:6      | Reached XP level 7. HP: 41/49 MP: 7/7
  2207 | D:6      | Found a sand-covered staircase.
  2218 | Ossuary  | Entered an ossuary
  2486 | Ossuary  | Slain by a mummy

Action                   |  1- 3 |  4- 6 |  7- 9 || total
-------------------------+-------+-------+-------++-------
Melee: Dagger            |    47 |   139 |   131 ||   317
 Fire: Blowgun           |     2 |    20 |       ||    22
 Abil: End Transformatio |       |     2 |       ||     2
       Bat Form          |       |     2 |       ||     2
  Use: Scroll            |       |     2 |     4 ||     6
       Potion            |       |     1 |     1 ||     2
 Stab: Sleeping          |     9 |    12 |    12 ||    33
       Distracted        |       |     1 |       ||     1
